 Dungeon Crawl Stone Soup version 0.25.0-26-g0c896c7088 (webtiles) character file.

Game seed: 3330587805597299161

362 MisterFreud the Magician (level 6, 0/39 HPs)
             Began as an Octopode Earth Elementalist on July 1, 2020.
             Shot with an arrow by a centaur (19 damage)
             ... on level 5 of the Dungeon.
             The game lasted 00:05:25 (4544 turns).

MisterFreud the Magician (OpEE)                     Turns: 4544, Time: 00:05:25

Health: 0/39       AC:  1    Str:  8    XL:     6   Next: 66%
Magic:  0/13       EV: 14    Int: 19    God:
Gold:   160        SH:  0    Dex: 12    Spells: 9/15 levels left

rFire    . . .     SeeInvis .   k - +6 club
rCold    . . .     Gourm    .   (no shield)
rNeg     . . .     Faith    .   (helmet restricted)
rPois    .         Spirit   +   h - amulet of guardian spirit
rElec    .         Reflect  .   (no ring)
rCorr    .         Harm     .   (no ring)
MR       .....                  (no ring)
Stlth    +++.......             (no ring)
HPRegen  0.13/turn              (no ring)
MPRegen  0.13/turn              (no ring)
                                (no ring)
                                (no ring)

@: no status effects
A: almost no armour, stealthy swim, amphibious, 8 rings, constrict 8, camouflage
1, gelatinous body 1
a: no special abilities


You were on level 5 of the Dungeon.
You were not hungry.

You visited 1 branch of the dungeon, and saw 5 of its levels.

You collected 160 gold pieces.

Inventory:

Hand Weapons
 k - a +6 club (weapon)
 t - a +1 vampiric dagger
Missiles
 b - 206 stones (quivered)
Jewellery
 h - an amulet of guardian spirit (around mantle)
Scrolls
 d - a scroll of fog {unknown}
 f - 3 scrolls of remove curse {unknown}
 g - a scroll of amnesia {unknown}
 i - 5 scrolls of identify {unknown}
 p - a scroll of magic mapping {unknown}
 r - a scroll of enchant weapon {unknown}
Potions
 a - 2 potions of curing
 e - a potion of berserk rage {unknown}
 j - 2 potions of heal wounds
 l - a potion of ambrosia {unknown}
 n - a potion of might {unknown}
 o - 2 potions of flight {unknown}
 q - a potion of degeneration {unknown}
Comestibles
 c - 9 rations
 m - 2 chunks of flesh


   Skills:
 - Level 2.0 Fighting
 + Level 4.0 Dodging
 - Level 2.6 Stealth
 - Level 5.0 Spellcasting
 - Level 1.0 Transmutations
 - Level 3.0 Earth Magic


You had 9 spell levels left.
You knew the following spells:

 Your Spells              Type           Power        Failure   Level  Hunger
a - Sandblast             Erth           ###...       3%          1    None
b - Passwall              Tmut/Erth      ##......     9%          2    #......
c - Stone Arrow           Conj/Erth      ##....       21%         3    ##.....

Your spell library contained the following spells:

 Spells                   Type           Power        Failure   Level  Hunger
 Petrify                  Tmut/Erth      ##......     47%         4    ####...
 Lee's Rapid Deconstruct  Erth           ###.......   69%         5    ######.


Dungeon Overview and Level Annotations

Branches:
Dungeon (5/15)
 Temple: D:4-7

Altars:
Elyvilon
Fedhas
Nemelex Xobeh
Trog
Wu Jian
Xom

Annotations:
D:4 Pikel


Innate Abilities, Weirdness & Mutations

You cannot wear most types of armour.
You are very stealthy in the water. (Stealth+)
You are amphibious.
You can wear up to eight rings at the same time.
You can use your tentacles to constrict eight enemies at once.
Your skin changes colour to match your surroundings (Stealth+).
Your rubbery body absorbs attacks. (AC +1, EV +1)


Message History

* * * LOW HITPOINT WARNING * * *
You see here 2 arrows.
It was a potion of curing.
You feel better.
The centaur shoots an arrow.
The arrow hits you!
* * * LOW HITPOINT WARNING * * *
It was a potion of heal wounds.
You feel much better.
The centaur shoots an arrow.
The arrow barely misses you. The shadow imp misses you.
The ogre hits you with a cursed -2 giant club!
The centaur shoots an arrow.
The arrow hits you!
* * * LOW HITPOINT WARNING * * *
The centaur shoots an arrow.
The arrow misses you.
The centaur shoots an arrow.
The arrow hits you!
* * * LOW HITPOINT WARNING * * *
You see here an arrow.
You feel much better.
The centaur shoots an arrow.
The arrow misses you. The shadow imp closely misses you.
The ogre hits you with a cursed -2 giant club!
The centaur shoots an arrow.
The arrow hits you!!
You die...

...............###......#
......###cZ....###......#
#..Z.. #.....##.......รท#
..... ##........##...##
........##.([..........#
......................##.##
..............5O..........#
.........((...........#
......##..#@.........##
...... #............##
......###..........###
.......#.............# ...
...............##
###........##### #......###
# ###........#
#.##.#......###


You could see an ogre, a centaur, a shadow imp and an adder zombie.

Vanquished Creatures
  A scorpion (D:4)
  2 hounds
  2 orc wizards (D:4)
  A worker ant (D:5)
  A hound skeleton (D:4)
  Robin (D:2)
  5 adders
  4 worms (D:3)
  2 dart slugs
  3 leopard geckos
  5 orcs
  2 ball pythons
  3 giant cockroaches (D:3)
  18 goblins
  10 hobgoblins
  5 jackals (D:3)
  3 quokkas
  6 bats
  7 frilled lizards
  A jackal skeleton (D:5)
  4 kobolds
  8 rats
94 creatures vanquished.

Notes
Turn   | Place    | Note
-------+----------+-------------------------------------------
     0 | D:1      | MisterFreud the Octopode Earth Elementalist began the quest
                  | for the Orb.
     0 | D:1      | Reached XP level 1. HP: 11/11 MP: 3/3
   293 | D:1      | Reached skill level 1 in Fighting
   377 | D:1      | Reached XP level 2. HP: 18/18 MP: 5/5
   877 | D:1      | Learned a level 2 spell: Passwall
  1026 | D:2      | Found a shimmering altar of Xom.
  1092 | D:2      | Reached XP level 3. HP: 18/24 MP: 4/6
  1097 | D:2      | Learned a level 3 spell: Stone Arrow
  1199 | D:2      | Found an ornate altar of the Wu Jian Council.
  1317 | D:2      | Noticed Robin
  1327 | D:2      | Killed Robin
  1327 | D:2      | Reached skill level 3 in Spellcasting
  1495 | D:2      | Reached XP level 4. HP: 29/29 MP: 8/8
  1498 | D:2      | Found a blossoming altar of Fedhas.
  2742 | D:3      | Reached skill level 4 in Spellcasting
  2856 | D:3      | Reached XP level 5. HP: 34/34 MP: 11/11
  2898 | D:3      | Noticed a moth of wrath
  2901 | D:3      | Found a bloodstained altar of Trog.
  3159 | D:3      | Found a sparkling altar of Nemelex Xobeh.
  3159 | D:3      | Found a white marble altar of Elyvilon.
  3310 | D:4      | Noticed an ogre
  3327 | D:4      | Noticed a slave
  3327 | D:4      | Noticed a slave
  3415 | D:4      | Reached skill level 5 in Spellcasting
  3428 | D:4      | Reached XP level 6. HP: 18/39 MP: 6/13
  3980 | D:4      | Noticed Pikel
  3980 | D:4      | Noticed a slave
  3980 | D:4      | Noticed a slave
  4037 | D:5      | Entered Level 5 of the Dungeon
  4544 | D:5      | Shot with an arrow by a centaur

Illustrated notes

Levels and vault maps discovered:
D:1:      dpeg_chamrin_arrival_tetris, layout_basic
D:2:      layout_basic, lemuel_round_altar, old_standard_altar, fedhas_altar_2,
          nrook_mini_vaults, uniq_robin
D:3:      kennysheep_six_static_rooms, layout_basic, tgw_trog,
          gammafunk_temple_overflow_pools, first_ration, dk_noncrumbling_3
D:4:      layout_basic, kennysheep_little_box, skrybe_limestone_x,
          grunt_dithmenos_smoke_and_mirrors, uniq_natasha, uniq_sigmund,
          uniq_pikel, uniq_blork_the_orc
D:5:      layout_cave_pools, minmay_temple_entry_large_hall,
          nicolae_gozag_cash_rules_everything_around_me

Skill      XL: |  1  2  3  4  5  6 |
---------------+-------------------+-----
Fighting       | 1 2 |  2.0
Spellcasting   | 3 4 5 |  5.0
Dodging        | 3 4 |  4.0
Stealth        | |  2.6
Transmutations | |  1.0
Earth Magic    | |  3.0

Action                   |  1- 3 |  4- 6 || total
-------------------------+-------+-------++-------
Melee: Unarmed           |    14 |       ||    14
       Constrict         |    21 |    27 ||    48
       Tentacles         |     9 |    12 ||    21
       Dagger            |    53 |       ||    53
       Club              |     4 |   130 ||   134
 Cast: Sandblast         |     5 |     1 ||     6
  Use: Potion            |       |     3 ||     3
 Stab: Sleeping          |     7 |    20 ||    27
  Eat: Chunk             |     2 |     9 ||    11
Armor: Skin              |     7 |     6 ||    13
Dodge: Dodged            |    34 |    83 ||   117
